 Dungeon Crawl Stone Soup version 0.22-a0-161-g198051c (webtiles) character file.

609 wolfsongas the Insei (level 7, 0/48 HPs)
             Began as an Octopode Transmuter on Feb 10, 2018.
             Was a Follower of Cheibriados.
             Slain by a howler monkey (4 damage)
             ... on level 5 of the Dungeon.
             The game lasted 00:08:18 (5194 turns).

wolfsongas the Insei (Octopode Transmuter)          Turns: 5194, Time: 00:08:19

Health: 0/48       AC:  1    Str: 14      XL:     7   Next: 43%
Magic:  10/10      EV: 13    Int: 18      God:    Cheibriados [*.....]
Gold:   192        SH:  0    Dex: 14 (16) Spells: 9/10 levels left

rFire    . . .     SeeInvis .     - Unarmed
rCold    . . .     Gourm    .   (no shield)
rNeg     . . .     Faith    .   (helmet restricted)
rPois    .         Spirit   .   (no amulet)
rElec    .         Reflect  .   (no ring)
rCorr    .         Harm     .   (no ring)
MR       .....                  (no ring)
Stlth    +++.......             (no ring)
HPRegen  0.16/turn              (no ring)
MPRegen  0.12/turn              (no ring)
                                (no ring)
                                (no ring)

@: very slow
A: almost no armour, stealthy swim, amphibious, 8 rings, constrict 8, camouflage
1, gelatinous body 1
a: Bend Time, Renounce Religion


You were on level 5 of the Dungeon.
You worshipped Cheibriados.
Cheibriados was aware of your devotion.
You were full.

You visited 2 branches of the dungeon, and saw 6 of its levels.

You collected 192 gold pieces.

Inventory:

Wands
 f - a wand of polymorph (13)
Scrolls
 d - 3 scrolls of enchant weapon
 h - 4 scrolls of remove curse
 i - a scroll of identify
 l - a scroll of enchant armour
 m - a scroll of magic mapping
Potions
 n - 2 potions of brilliance
Books
 b - a book of Changes

   Spells                             Type                      Level
   a - Beastly Appendage              Transmutation                1
   b - Sticks to Snakes               Transmutation                2
   c - Spider Form                    Transmutation/Poison         3
   d - Ice Form                       Ice/Transmutation            4
   e - Blade Hands                    Transmutation                5
Comestibles
 c - 10 rations


   Skills:
 + Level 4.1 Fighting
 - Level 2.0 Dodging
 - Level 3.0 Stealth
 + Level 6.5 Unarmed Combat
 - Level 2.0 Spellcasting
 * Level 2.7 Transmutations


You had 9 spell levels left.
You knew the following spells:

 Your Spells              Type           Power        Failure   Level  Hunger
a - Beastly Appendage     Tmut           ##....       6%          1    #......


Dungeon Overview and Level Annotations

Branches:
Dungeon (5/15)             Temple (1/1) D:4

Altars:
Ashenzari
Cheibriados
Dithmenos
Elyvilon
Gozag
Makhleb
Okawaru
Qazlal
Trog
Wu Jian
Yredelemnul


Innate Abilities, Weirdness & Mutations

You cannot wear most types of armour.
You are very stealthy in the water. (Stealth+)
You are amphibious.
You can wear up to eight rings at the same time.
You can use your tentacles to constrict eight enemies at once.
Your skin changes colour to match your surroundings (Stealth+).
Your rubbery body absorbs attacks. (AC +1, EV +1)


Message History

A worker ant comes into view.
You feel sick.
You are no longer poisoned.
The worker ant moves out of view.
Found 20 stones.
A crimson imp comes into view.
The crimson imp moves out of view.
The howler monkey howls!
You hear an angry hiss.
An adder comes into view.
An orc comes into view. It is wielding a hand axe.
The orc moves out of view.
The howler monkey hoots and howls with incredible vigour!
You hear a shout! x4; You hear an angry hiss.
You hear an angry buzzing noise. x2
You hear a shout!
You hear an angry buzzing noise.
The howler monkey hoots and howls with incredible vigour!
You hear a shout!
You hear an angry buzzing noise. x2
A centaur skeleton comes into view.
There is a stone staircase leading up here.
The howler monkey hits you.
You die...

#....y..##.####.......#
#.##.##.# ##...#(## #.#.##.#
#Z..# ##.....# #...# #.######
#...###### #......#
#S.......# .#
#.#.##.########..S#######'##.
# #. .#......h........ยง.....
.. .......@..[..[........ ..#
#............[........ ..
########.......#...... #..
#...###....#... #...#
####..... #...# ##... #...#
#.. #.>.# .# #...#


You could see a howler monkey, 2 adders and a centaur skeleton.

Vanquished Creatures
  A scorpion (D:5)
  A howler monkey (D:3)
  A crimson imp (D:3)
  A centaur zombie (D:5)
  A quasit (D:5)
  A jelly (D:2)
  A bullfrog skeleton (D:5)
  3 orc wizards
  A centaur skeleton (D:4)
  Ijyb (D:4)
  A worker ant (D:5)
  A hound skeleton (D:4)
  4 adders
  3 gnolls (D:4)
  A shadow imp (D:5)
  An ooze (D:5)
  2 adder skeletons (D:4)
  4 worms
  A dart slug (D:3)
  3 leopard geckos
  20 orcs
  4 bats
  4 giant cockroaches
  4 goblins (D:2)
  8 hobgoblins
  2 quokkas
  A ball python (D:1)
  A frilled lizard (D:2)
  A jackal skeleton (D:4)
  10 kobolds
  6 rats
94 creatures vanquished.

Notes
Turn   | Place    | Note
-------+----------+-------------------------------------------
     0 | D:1      | wolfsongas the Octopode Transmuter began the quest for the Orb.
     0 | D:1      | Reached XP level 1. HP: 13/13 MP: 3/3
   273 | D:1      | Reached XP level 2. HP: 10/18 MP: 3/5
  1123 | D:2      | Reached XP level 3. HP: 9/24 MP: 6/6
  1384 | D:2      | Reached skill level 4 in Unarmed Combat
  1384 | D:2      | Reached XP level 4. HP: 6/29 MP: 7/7
  2563 | D:3      | Reached skill level 5 in Unarmed Combat
  2563 | D:3      | Reached XP level 5. HP: 19/36 MP: 8/8
  3474 | D:4      | Found a staircase to the Ecumenical Temple.
  3494 | Temple   | Entered the Ecumenical Temple
  3499 | Temple   | Became a worshipper of Cheibriados the Contemplative
  3554 | D:4      | Reached XP level 6. HP: 42/42 MP: 9/9
  3558 | D:4      | Reached skill level 1 in Stealth
  4200 | D:4      | Noticed Ijyb
  4245 | D:4      | Killed Ijyb
  4245 | D:4      | Reached skill level 6 in Unarmed Combat
  4246 | D:4      | Reached * piety under Cheibriados
  4562 | D:5      | Entered Level 5 of the Dungeon
  4590 | D:5      | Reached XP level 7. HP: 16/47 MP: 10/10
  5160 | D:5      | HP: 2/48 [poisoned by an adder]
  5169 | D:5      | HP: 2/48 [poisoned by an adder]
  5174 | D:5      | HP: 2/48 [poisoned by an adder]
  5182 | D:5      | HP: 1/48 [poisoned by an adder]
  5194 | D:5      | Slain by a howler monkey

Vault maps used:
D:1:      lightli_arrival_statuegarden
D:2:      wad_floor_pattern_2, grunt_ministairs_15
D:3:      serial_bayou_pond_c
D:4:      minmay_temple_entry_statues_pillars, uniq_ijyb
D:5:      first_ration, grunt_dithmenos_shadows
Temple:   compressed_dpeg_triangle_lava_temple

Skill      XL: |  1  2  3  4  5  6  7 |
---------------+----------------------+-----
Fighting       | 2 3 4 |  4.1
Unarmed Combat | 4 5 6 |  6.5
Stealth        | 2 3 |  3.0
Dodging        | |  2.0
Spellcasting   | |  2.0
Transmutations | |  2.7

Action                   |  1- 3 |  4- 6 |  7- 9 || total
-------------------------+-------+-------+-------++-------
Melee: Unarmed           |    41 |   204 |    35 ||   280
       Constrict         |    11 |    46 |     7 ||    64
       Kick              |     5 |    20 |     2 ||    27
       Tentacles         |     5 |    28 |     6 ||    39
       Punch             |       |     8 |     3 ||    11
 Cast: Beastly Appendage |     2 |    10 |     2 ||    14
Invok: Bend Time         |       |       |     2 ||     2
  Use: Potion            |     2 |     3 |       ||     5
       Scroll            |       |     5 |     4 ||     9
 Stab: Sleeping          |     2 |     6 |       ||     8
       Distracted        |       |     2 |       ||     2
  Eat: Chunk             |     1 |     9 |       ||    10
       Ration            |       |     2 |       ||     2
Armor: Skin              |     2 |    15 |     5 ||    22
Dodge: Dodged            |    27 |    98 |    29 ||   154

Table legend:
 A = Spawn XP
 B = Non-spawn XP
 C = Spawn XP percentage of total XP
 D = Spawn monster count
 E = Non-spawn monster count
 F = Spawn count percentage of total count
 G = Total turns spent on level
                    A         B        C        D         E        F      G
               +---------+---------+-------+---------+---------+-------+---------
         Total |       0 |     871 |   0.0 |       0 |      94 |   0.0 |  5194
               +---------+---------+-------+---------+---------+-------+---------
           D:1 |       0 |      19 |   0.0 |       0 |      12 |   0.0 |  1102
           D:2 |       0 |     124 |   0.0 |       0 |      25 |   0.0 |  1371
           D:3 |       0 |     165 |   0.0 |       0 |      24 |   0.0 |   984
           D:4 |       0 |     225 |   0.0 |       0 |      20 |   0.0 |  1383
           D:5 |       0 |     338 |   0.0 |       0 |      13 |   0.0 |   336
               +---------+---------+-------+---------+---------+-------+---------
